 Dungeon Crawl Stone Soup version 0.20.0-8-g6b59dc7 (webtiles) character file.

1248 JarielCorvus the Thaumaturge (level 8, -7/41 HPs)
             Began as a Deep Elf Conjurer on May 30, 2017.
             Killed by divine providence
             ... invoked by an orc priest
              (12 damage)
             ... on level 5 of the Dungeon on May 31, 2017.
             The game lasted 00:24:12 (5585 turns).

JarielCorvus the Thaumaturge (Deep Elf Conjurer)    Turns: 5585, Time: 00:24:18

Health: -7/41      AC:  4    Str:  6      XL:     8   Next: 26%
Magic:  18/24      EV: 13    Int: 22      God:
Gold:   287        SH:  0    Dex: 14 (15) Spells: 17/28 levels left

rFire    . . .     SeeInvis .   l - +2 dagger
rCold    + . .     Gourm    .   (no shield)
rNeg     . . .     Faith    .   m - +1 robe
rPois    .         Spirit   .   (no helmet)
rElec    .         Reflect  .   (no cloak)
rCorr    .         Harm     .   (no gloves)
MR       .....                  p - +0 pair of boots
Stlth    ++........             (no amulet)
Regen    0.2/turn               i - ring of protection from cold
MPRegen  0.2/turn               (no ring)

@: no status effects
A: deterioration 1
a: no special abilities


You were on level 5 of the Dungeon.
You were not hungry.

You visited 1 branch of the dungeon, and saw 5 of its levels.

You collected 287 gold pieces.

Inventory:

Hand Weapons
 l - a +2 dagger (weapon)
Armour
 a - a +0 robe
 m - a +1 robe (worn)
 p - a +0 pair of boots (worn)
Jewellery
 h - an uncursed ring of see invisible
 i - a ring of protection from cold (left hand)
 q - an uncursed ring of flight
Scrolls
 e - a scroll of identify
 f - 2 scrolls of enchant armour
 g - 4 scrolls of remove curse
 n - a scroll of amnesia
 r - 2 scrolls of teleportation
Potions
 s - a potion of agility
 t - 5 potions of curing
Books
 b - a book of Conjurations

   Spells                             Type                      Level
   a - Magic Dart                     Conjuration                  1
   b - Searing Ray                    Conjuration                  2
   c - Dazzling Spray                 Conjuration/Hexes            3
   d - Fulminant Prism                Conjuration/Hexes            4
   e - Force Lance                    Conjuration/Translocation    4
   f - Iskenderun's Mystic Blast      Conjuration                  4
 j - a book of Ice

   Spells                             Type                      Level
   a - Ice Form                       Ice/Transmutation            4
   b - Metabolic Englaciation         Hexes/Ice                    5
   c - Ozocubu's Refrigeration        Ice                          6
   d - Bolt of Cold                   Conjuration/Ice              6
   e - Freezing Cloud                 Conjuration/Ice/Air          6
   f - Simulacrum                     Ice/Necromancy               6
Comestibles
 c - 3 bread rations
 d - 2 royal jellies
 o - a meat ration


   Skills:
 - Level 2.4 Dodging
 - Level 2.4 Stealth
 * Level 10.8 Spellcasting
 + Level 7.8 Conjurations


You had 17 spell levels left.
You knew the following spells:

 Your Spells              Type           Power        Failure   Level  Hunger
a - Magic Dart            Conj           ####         1%          1    None
b - Searing Ray           Conj           #####.       1%          2    None
c - Iskenderun's Mystic   Conj           #####...     2%          4    #......
d - Fulminant Prism       Conj/Hex       ####......   11%         4    #......


Dungeon Overview and Level Annotations

Branches:
Dungeon (5/15)
 Temple: D:4-7

Altars:
Elyvilon
Zin
The Shining One


Innate Abilities, Weirdness & Mutations

Your body sometimes deteriorates upon taking damage.


Message History

The orc wizard is severely wounded.
The orb of energy explodes!
The mystic blast hits the goblin.
You kill the goblin!
The mystic blast hits the orc.
You kill the orc!
You hear a shout!
The orc wizard points at you and mumbles some strange words.
The puff of flame hits you!
The orc priest calls down the wrath of Beogh upon you.
Beogh smites you!
Your body deteriorates!
You feel clumsy.
A centaur comes into view.
The centaur wields a shortbow.
The centaur shoots an arrow.
The arrow closely misses you.
The orc priest looks braver for a moment.
The centaur shoots an arrow.
The arrow hits you!
* * * LOW HITPOINT WARNING * * *
The orc priest invokes the aid of Beogh against you.
Beogh smites you!
You die...

####..# .#
#(...#########.##.
...####.<...............
.......................
...###...)...........(.
.#. #................. .
#.######..............
#.#...####...)#....####
#......@...........##
##.....o)...........####
#c.###..o........<......
. ###.........#....#.
#.o.......###....
###...##.## #.###
##...#### #.#
####..#.#### #.#
#........(.####)##


You could see a centaur, 2 orc priests and an orc wizard.

Vanquished Creatures
  2 phantoms (D:4)
  2 ogres
  3 big kobolds (D:5)
  A scorpion (D:4)
  A howler monkey (D:4)
  A crimson imp (D:5)
  4 orc priests (D:4)
  2 orc wizards (D:4)
  3 worker ants
  6 adders
  5 gnolls (D:5)
  4 oozes
  A worm (D:2)
  A dart slug (D:2)
  2 leopard geckos
  24 orcs
  A ball python (D:4)
  8 giant cockroaches
  33 goblins
  33 hobgoblins
  10 jackals
  8 kobolds
  3 quokkas
  12 bats
  3 frilled lizards (D:1)
  A jackal skeleton (D:4)
  7 rats
181 creatures vanquished.

Vanquished Creatures (others)
  8 fulminant prisms
8 creatures vanquished.

Grand Total: 189 creatures vanquished

Notes
Turn   | Place    | Note
-------+----------+-------------------------------------------
     0 | D:1      | JarielCorvus the Deep Elf Conjurer began the quest for the Orb.
     0 | D:1      | Reached XP level 1. HP: 10/10 MP: 6/6
   262 | D:1      | Reached XP level 2. HP: 11/15 MP: 1/8
   323 | D:1      | Learned a level 2 spell: Searing Ray
   432 | D:1      | Reached skill level 4 in Spellcasting
   700 | D:1      | Reached XP level 3. HP: 19/19 MP: 3/10
   925 | D:1      | Gained mutation: Your body sometimes deteriorates upon taking damage. [potion of mutation]
   925 | D:1      | Gained mutation: You are weak. (Str -2) [potion of mutation]
   925 | D:1      | Lost mutation: You are weak. (Str -2) [potion of mutation]
  1041 | D:2      | Reached skill level 5 in Conjurations
  1161 | D:2      | Reached skill level 5 in Spellcasting
  1218 | D:2      | Reached XP level 4. HP: 24/24 MP: 9/13
  1294 | D:2      | Learned a level 4 spell: Iskenderun's Mystic Blast
  1299 | D:2      | Learned a level 4 spell: Fulminant Prism
  1859 | D:3      | Found a white marble altar of Elyvilon.
  1860 | D:3      | Found a glowing golden altar of the Shining One.
  1861 | D:3      | Found a glowing silver altar of Zin.
  2218 | D:3      | Reached skill level 6 in Spellcasting
  2226 | D:3      | Reached XP level 5. HP: 14/28 MP: 2/15
  2689 | D:4      | Noticed a phantom
  2710 | D:4      | Killed a phantom
  2710 | D:4      | Reached skill level 7 in Spellcasting
  2710 | D:4      | Reached XP level 6. HP: 25/32 MP: 0/18
  2856 | D:4      | Reached skill level 8 in Spellcasting
  3111 | D:4      | Reached XP level 7. HP: 36/36 MP: 12/20
  4042 | D:5      | Entered Level 5 of the Dungeon
  4054 | D:5      | Reached skill level 9 in Spellcasting
  4902 | D:5      | Reached skill level 10 in Spellcasting
  5086 | D:4      | Reached XP level 8. HP: 36/41 MP: 13/24
  5585 | D:5      | Killed from afar by an orc priest

Skill      XL: |  1  2  3  4  5  6  7 |
---------------+----------------------+-----
Spellcasting   | 4 5 6 7 8 10 | 10.8
Conjurations   | 5 6 7 |  7.8
Dodging        | |  2.4
Stealth        | |  2.4

Action                   |  1- 3 |  4- 6 |  7- 9 || total
-------------------------+-------+-------+-------++-------
Melee: Unarmed           |     6 |       |       ||     6
       Dagger            |     5 |    25 |       ||    30
 Cast: Magic Dart        |    76 |   133 |   205 ||   414
       Fulminant Prism   |       |     3 |     5 ||     8
       Iskenderun's Myst |       |       |    10 ||    10
  Use: Scroll            |     8 |     2 |     4 ||    14
       Potion            |     5 |     1 |     1 ||     7
  Eat: Meat ration       |       |     1 |       ||     1
       Bread ration      |       |     1 |     1 ||     2
       Chunk             |       |       |     1 ||     1
Armor: Robe              |     5 |    12 |    13 ||    30
Dodge: Dodged            |    15 |    35 |    45 ||    95
